AoeStats
← Jack

Lombardia

508912188Analyzed
4v4 RM · 7d ago on Sep 24, 2026· 30m 18s· 8 players
Game mode
Random Map
Map size
Large (8 player)
Population
200
Speed
Normal
Resources
Standard
Victory
Conquest
Starting age
Dark Age
Ending age
Imperial Age
RankedLock teamsTeams togetherTeam positionsShared explorationLock speedFull tech treeHidden civsTurbo modeCheats
Victory
Defeat
🇰🇷 Japanese · South Korea
1406
+14
🇨🇳 Jurchens · China
1391
+15
🇩🇪 Mongols · Germany
1352
+16
🇩🇪 Danes · Germany
1319
+18
🇺🇸 Georgians · United States
1413
-17
🇲🇽 Georgians · Mexico
1412
-18
🇹🇷 Burgundians · Türkiye
1318
-14
🇨🇳 Tatars · China
1307
-14
AOE2.GG | NONO
5:14 Loom
10:47 Feudal Age
11:06 Man-at-Arms
11:33 Arson
12:45 Double-Bit Axe
20:09 Wheelbarrow
19:49 Scale Barding Armor
19:46 Scale Mail Armor
19:57 Forging
23:45 Castle Age
22:18 Gold Mining
22:11 Horse Collar
25:41 Chain Mail Armor
26:01 Iron Casting
kdu0687
5:33 Loom
11:17 Feudal Age
12:34 Horse Collar
12:40 Double-Bit Axe
18:39 Castle Age
17:48 Gold Mining
19:20 Fletching
24:36 Gold Shaft Mining
26:15 Bodkin Arrow
夜祈
9:50 Feudal Age
15:00 Castle Age
13:29 Double-Bit Axe
14:01 Horse Collar
19:20 Scale Barding Armor
24:41 Loom
25:53 Wheelbarrow
26:01 Bow Saw
27:54 Chain Barding Armor
29:40 Heavy Plow
AOE2.GG | MattWithAHat
3:56 Loom
7:13 Feudal Age
12:49 Double-Bit Axe
13:27 Horse Collar
16:47 Forging
17:31 Forging
17:28 Scale Barding Armor
17:46 Bloodlines
21:38 Castle Age
22:16 Light Cavalry
23:17 Chain Barding Armor
24:26 Bow Saw
28:48 Iron Casting
Jack
11:13 Feudal Age
14:57 Castle Age
15:10 Horse Collar
15:16 Double-Bit Axe
16:28 Bow Saw
17:24 Wheelbarrow
Queens_StoneAge
3:48 Loom
10:44 Feudal Age
15:07 Castle Age
13:27 Double-Bit Axe
16:42 Fletching
.|.
4:49 Loom
8:56 Feudal Age
10:41 Double-Bit Axe
14:11 Horse Collar
Dwight
4:08 Double-Bit Axe
10:54 Feudal Age
12:01 Loom
15:22 Castle Age
13:37 Bow Saw
13:27 Horse Collar
14:42 Heavy Plow
Connection lost

Rejoining the realm…

Still unreachable

The connection could not be restored.

Session expired

The server has moved on; the page needs a fresh start.